 Dungeon Crawl Stone Soup version 0.29.0-10-g45618ea6d2 (webtiles) character file.

Game seed: 16729781465136510726

34 sanka the Ruffian (level 3, 0/36 HPs)
             Began as a Troll Monk on Sept 1, 2022.
             Slain by a goblin
             ... wielding a +1 dagger of electrocution
             ... led by Robin
              (20 damage)
             ... on level 1 of the Dungeon.
             The game lasted 00:01:00 (606 turns).

sanka the Ruffian (Troll Monk)                       Turns: 606, Time: 00:01:01

Health: 0/36       AC:  4    Str: 21    XL:     3   Next: 14%
Magic:  2/2        EV: 10    Int:  6    God:
Gold:   54         SH:  0    Dex: 12    Spells: 2/2 levels left

rFire   . . .      SeeInvis +     - Unarmed
rCold   . . .      Faith    .   (no shield)
rNeg    . . .      Spirit   .   a - +0 robe
rPois   .          Reflect  .   (helmet restricted)
rElec   .          Harm     .   (no cloak)
rCorr   .          Rampage  .   (gloves unavailable)
Will    .....                   (boots unavailable)
Stlth   ++........              (no amulet)
HPRegen 0.92/turn               (no ring)
MPRegen 0.08/turn               c - ring of see invisible

@: no status effects
A: large, unfitting armour, claws 3, regeneration 1, shaggy fur 1, tough skin 1
a: no special abilities


You were on level 1 of the Dungeon.
You visited 1 branch of the dungeon, and saw 2 of its levels.

You collected 54 gold pieces.


Innate Abilities, Weirdness & Mutations

You are too large for most types of armour.
You have claws for hands.
Your natural rate of healing is unusually fast.
You are covered in fur. (AC +1)
You have tough skin. (AC +1)


   Skills:
 - Level 2.4 Fighting
 - Level 2.4 Dodging
 - Level 1.0 Stealth
 + Level 4.3 Unarmed Combat


You had 2 spell levels left.
You didn't know any spells.
Your spell library was empty.

Inventory:

Armour
 a - a +0 robe (worn)
Jewellery
 c - a ring of see invisible (right claw)
Scrolls
 d - 2 scrolls of identify {unknown}
 e - a scroll of noise {unknown}
 f - a scroll of amnesia {unknown}
Potions
 b - a potion of ambrosia
 g - a potion of curing {unknown}

Dungeon Overview and Level Annotations

Branches:
Dungeon (2/15)

Altars:

Annotations:
D:2 Robin

▒▒▒ ▒≈▒ ▒▒≈▒▒ ▒▒≈≈≈▒ ▒▒ ▒≈≈≈≈▒
▒▒▒▒▒ ▒. ▒≈≈≈≈▒▒▒▒▒▒Tg.▒▒▒▒▒▒▒
▒▒. ▒≈.~≈▒.~.~ggg.~.~~.~▒▒ ▒..
▒▒▒▒▒▒~~~~~~~~~g~≈~~~~~~.~▒ ▒▒.▒
......~≈≈~≈~~~~.≈~≈~~~≈~~.▒ ▒▒..▒
.......~.≈≈≈.≈~~~≈.~.~≈≈≈~▒ ▒..▒.
.......~≈~≈~≈~≈~~~~~~.≈≈≈≈▒▒▒.▒▒.
......▒.~.....~...~..▒≈≈≈≈▒▒..▒▒.
▒.▒(▒▒▒▒▒▒▒▒..▒..▒▒..▒▒≈≈≈▒▒.▒▒▒.
▒...▒▒ ▒...▒▒.▒▒▒..▒▒▒≈≈▒...▒..


You could see 5 goblins.


Message History

The goblin wields a +0 club.
The goblin hits you but does no damage.
You barely miss the goblin.
Robin says, "Kneel, worm!"
The goblin barely misses you. The goblin misses you.
The goblin hits you but does no damage. The goblin closely misses you.
A goblin comes into view. It is wielding a +0 club.
The goblin hits you but does no damage.
Unknown command.
The goblin hits you but does no damage. The goblin barely misses you.
The goblin barely misses you. The goblin closely misses you.
The goblin hits you with a +0 club.
You climb upwards.
There is a stone staircase leading down here.
Unknown command.
You closely miss the goblin. The goblin hits you but does no damage.
The goblin hits you but does no damage. The goblin completely misses you.
The goblin hits you with a +0 club.
You closely miss the goblin. The goblin hits you with a +0 club.
The goblin hits you with a +1 dagger of electrocution.
You are electrocuted!!
Ouch! That really hurt!
You die...

Action                   || total
-------------------------++-------
Melee: Unarmed           ||    76
       Punch             ||     2
 Stab: Sleeping          ||     4
Armor: Robe              ||    27
Dodge: Dodged            ||    57

Levels and vault maps discovered:
D:1:      reono_arrival_forest_river, layout_rooms, minmay_misc_feat_nine_boxes,
          grunt_decor_clamped, chequers_serial_rivers_large_a, minmay_tripent
D:2:      layout_rooms, nicolae_ecumenical_pavilion, basic_altar, uniq_robin

Notes
Turn   | Place    | Note
-------+----------+-------------------------------------------
     0 | D:1      | sanka the Troll Monk began the quest for the Orb.
     0 | D:1      | Reached XP level 1. HP: 22/22 MP: 0/0
    67 | D:1      | Reached XP level 2. HP: 24/29 MP: 1/1
   199 | D:1      | Reached skill level 4 in Unarmed Combat
   359 | D:1      | Reached XP level 3. HP: 36/36 MP: 2/2
   590 | D:2      | Found a faded altar of an unknown god.
   596 | D:2      | Noticed Robin
   606 | D:1      | Slain by a goblin

Vanquished Creatures
  7 ball pythons (D:1)
  2 endoplasms (D:1)
  3 giant cockroaches (D:1)
  6 hobgoblins (D:1)
  2 quokkas (D:1)
  2 bats (D:1)
  A frilled lizard (D:1)
  3 goblins (D:1)
  A kobold (D:1)
  3 rats (D:1)
30 creatures vanquished.
